 Dungeon Crawl Stone Soup version 0.32-a0-30-gefbe487952 (webtiles) character file.

Game seed: 6469708414491361436

24596 anacleto the Mimic (level 12, -7/180 HPs)
             Began as a Troll Shapeshifter on Jan 20, 2024.
             Was a Priest of the Shining One.
             Shot with a bolt by a yaktaur (13 damage)
             ... on level 14 of the Dungeon.
             The game lasted 00:26:07 (10962 turns).

anacleto the Mimic (Troll Shapeshifter)            Turns: 10962, Time: 00:26:08

Health: -7/180     AC: 25    Str: 29    XL:     12   Next: 82%
Magic:  15/15      EV:  9    Int:  6    God:    the Shining One [***...]
Gold:   311        SH: 17    Dex:  9    Spells: 11/11 levels left

rFire   . .          .
                       - Unarmed
rCold   . . .        v - +0 tower shield of the Old and Reckless {Will++ rCorr}
rNeg    + + .        H - melded +2 robe {rF+}
rPois   ∞            (helmet restricted)
rElec   +            N - scarf {harm}
rCorr   +            (gloves unavailable)
SInv    .            (boots unavailable)
Will    ++...        D - amulet of reflection Stlth
                     (no ring)
HPRegen 1.30/turn    (no ring)
MPRegen 0.14/turn

%: harm (+30% outgoing, +20% incoming), reflection
@: berserking (expiring), statue-form, glowing
A: slow and powerful, torment resistance 1, large, unfitting armour, claws 3,
regeneration 1, (shaggy fur 1), (tough skin 1)
a: Begin Untransformation, Renounce Religion, Divine Shield, Cleansing Flame


You were on level 14 of the Dungeon.
You worshipped the Shining One.
The Shining One was most pleased with you.
You were a living statue of rough stone.
You visited 2 branches of the dungeon, and saw 15 of its levels.

You collected 937 gold pieces.
You spent 626 gold pieces at shops.

Inventory:

Missiles
 k - 4 boomerangs (quivered)
 q - 2 curare-tipped darts
 A - 37 poisoned darts
 E - 2 throwing nets
 O - 20 large rocks
 T - 4 datura-tipped darts
Armour
 v - the +0 tower shield of the Old and Reckless (worn) {Will++ rCorr}
   (You bought it in a shop on level 3 of the Dungeon)

   Will++:    It greatly increases your willpower.
   rCorr:     It protects you from acid and corrosion.
 G - a +2 cloak
 H - a +2 robe of fire resistance (melded)
 N - a scarf of harm (worn)
Jewellery
 D - an amulet of reflection (around neck)
 P - an amulet of the acrobat
Talismans
 S - a granite talisman (active)
Wands
 p - a wand of iceblast (25)
 I - a wand of polymorph (8)
 M - a wand of digging (5)
Scrolls
 c - a scroll of enchant armour
 d - a scroll of acquirement {unknown}
 h - 5 scrolls of immolation
 l - 6 scrolls of enchant weapon {unknown}
 m - 2 scrolls of amnesia {unknown}
 n - 7 scrolls of fog {unknown}
 o - a scroll of revelation
 s - 2 scrolls of identify
 t - 2 scrolls of poison {unknown}
 u - 2 scrolls of silence {unknown}
 x - 5 scrolls of teleportation
 z - 2 scrolls of fear {unknown}
 B - 2 scrolls of blinking
Potions
 a - a potion of ambrosia
 b - 6 potions of lignification
 e - a potion of mutation {unknown}
 f - a potion of might {unknown}
 g - a potion of degeneration {unknown}
 i - 2 potions of heal wounds {unknown}
 j - 2 potions of resistance
 r - 5 potions of haste
 w - a potion of invisibility {unknown}
 C - 2 potions of berserk rage
 F - a potion of curing {unknown}
 Q - 3 potions of attraction {unknown}
Miscellaneous
 J - a phial of floods (inert)


   Skills:
 + Level 5.5 Fighting
 + Level 5.7 Throwing
 + Level 5.7 Dodging
 + Level 5.5 Shields
 + Level 7.1 Unarmed Combat
 + Level 5.5 Invocations
 * Level 14.3 Shapeshifting


You had 11 spell levels left.
You didn't know any spells.
Your spell library contained the following spells:

 Spells                   Type           Power      Damage    Failure   Level
 Apportation              Tloc           0%         N/A       88%         1
 Magic Dart               Conj           0%         1d3       88%         1
 Necrotise                Necr           0%         1d4       88%         1
 Shock                    Conj/Air       0%         1d3       88%         1
 Sting                    Conj/Alch      0%         1d3       88%         1
 Summon Small Mammal      Summ           0%         N/A       88%         1
 Lesser Beckoning         Tloc           0%         N/A       96%         2
 Mercury Vapours          Alch/Air       0%         N/A       96%         2
 Searing Ray              Conj           0%         2d4       96%         2
 Gell's Gravitas          Tloc           0%         N/A       99%         3
 Swiftness                Air            0%         N/A       99%         3
 Teleport Other           Tloc           0%         N/A       99%         3
 Airstrike                Air            0%         2d(0-16)  100%        4
 Fulminant Prism          Conj/Alch      0%         3d5       100%        4
 Olgreb's Toxic Radiance  Alch           0%         N/A       100%        4
 Alistair's Intoxication  Alch           0%         N/A       100%        5
 Borgnjor's Vile Clutch   Necr/Erth      0%         N/A       100%        5
 Eringya's Noxious Bog    Alch           0%         4d6       100%        6


Dungeon Overview and Level Annotations

Branches:
Dungeon (14/15)            Temple (1/1) D:5            Lair (0/5) D:11
    Orc (0/2) D:11
 Vaults: D:13-14

Altars:
Ashenzari
Cheibriados
Dithmenos
Elyvilon
Fedhas
Gozag
Hepliaklqana
Kikubaaqudgha
Makhleb
Nemelex Xobeh
Okawaru
Qazlal
Ru
Sif Muna
Trog
Uskayaw
Vehumet
Wu Jian
Xom
Yredelemnul
Zin
The Shining One

Shops:
D:3 [   D:4 [   D:12 *

Annotations:
D:11 2 transporters, timneilson's ghost, journeyman OpSh
D:14 2 runed translucent doors, Snorg; Teolusk's ghost, journeyman DsMo


Innate Abilities, Weirdness & Mutations

You are a living statue of rough stone.
Your actions are slow, but your melee attacks are powerful.
You are resistant to unholy torment.
Your equipment is partially melded.
You are too large for most types of armour.
You are immune to poison.
You have claws for hands.
Your natural rate of healing is unusually fast.
((You are covered in fur. (AC +1)))
((You have tough skin. (AC +1)))


Message History

The yaktaur wields a +0 arbalest.
The yaktaur shoots a bolt.
The bolt hits you.
* * * LOW HITPOINT WARNING * * *
The yaktaur wields a +0 arbalest.
The yaktaur shoots a bolt.
The bolt barely misses you.
The yaktaur wields a +0 arbalest.
The yaktaur shoots a bolt.
You block the bolt with an invisible shield... and reflect it back!
The bolt hits the yaktaur!!
The yaktaur wields a +0 arbalest.
The yaktaur shoots a bolt.
The bolt hits you but does no damage.
Okay, then.
Okay, then.
A red film seems to cover your vision as you go berserk!
You feel yourself moving faster!
You feel mighty!
The yaktaur shoots a bolt.
You block the bolt with an invisible shield... and reflect it back!
The bolt barely misses the yaktaur.
The yaktaur shoots a bolt.
You block the bolt with an invisible shield... and reflect it back!
The bolt hits the yaktaur!
The yaktaur shoots a bolt.
You block the bolt with an invisible shield... and reflect it back!
The bolt hits the yaktaur!!
The yaktaur shoots a bolt.
You block the bolt with an invisible shield... and reflect it back!
The bolt hits the yaktaur!
The yaktaur shoots a bolt.
The bolt closely misses you.
You are too berserk!
Okay, then.
You feel a strong urge to attack something.
The yaktaur shoots a bolt.
You block the bolt with an invisible shield... and reflect it back!
The bolt hits the yaktaur!
The yaktaur shoots a bolt.
You block the bolt with an invisible shield... and reflect it back!
The bolt hits the yaktaur!!
You kill the yaktaur!
The yaktaur shoots a bolt.
The bolt barely misses you.
The yaktaur shoots a bolt.
You block the bolt with an invisible shield... and reflect it back!
The bolt hits the yaktaur!!
The yaktaur shoots a bolt.
You block the bolt with an invisible shield... and reflect it back!
The bolt hits the yaktaur!!
You kill the yaktaur!
The yaktaur shoots a bolt.
The bolt hits you!
You die...

...#..⌠.
#8V##...
+####
....####
#...#
#8..VHCC
##...#
###♣.L♣V
##....+
####.W#
##.....#
#..####
#....)>#
#......
##.c8..#
#......
##..)c#
#......
##c..#
#......
#...#
#######
..###
###


You could see 3 yaktaurs.

Vanquished Creatures
  Frances (D:13)
  Fannar (D:10)
  Harold (D:9)
  6 vault guards (D:14)
  3 two-headed ogres
  A centaur warrior (D:13)
  3 boulder beetles
  Sonja (D:12)
  Pikel (D:8)
  A deep elf pyromancer (D:13)
  4 cyclopes
  2 manticores
  A meliai (shapeshifter) (D:13)
  A gargoyle (D:13)
  An unseen horror (D:11)
  2 yaktaurs (D:14)
  Psyche (D:9)
  4 trolls
  A wraith (D:12)
  3 water elementals
  A wyvern (D:9)
  The ghost of DrKenneth the Covered, an amateur MiFi (D:4)
  14 yaks
  A warg (D:11)
  3 vampire mosquitoes (D:13)
  A steam dragon (D:9)
  2 water moccasins
  4 orc warriors
  An ice beast (D:6)
  An ogre (D:6)
  2 black bears (D:6)
  3 sky beasts
  2 wolves (D:11)
  4 centaurs
  2 phantoms
  4 kobold brigands
  6 bullfrogs
  3 gnoll sergeants
  4 scorpions
  8 wights
  4 electric eels
  6 bombardier beetles
  A crimson imp (D:5)
  5 hounds
  2 jellies
  2 gnoll boudas (D:7)
  10 orc priests
  Ijyb (D:3)
  Terence (D:3)
  5 iguanas
  14 orc wizards
  31 gnolls
  3 adders (D:6)
  A white imp (D:8)
  3 dart slugs
  A ribbon worm (D:2)
  44 orcs
  12 ball pythons
  4 endoplasms
  6 giant cockroaches
  14 hobgoblins
  31 kobolds
  4 quokkas
  4 bats
  A frilled lizard (D:2)
  6 goblins
  A rat (D:1)
323 creatures vanquished.

Notes
Turn   | Place    | Note
-------+----------+-------------------------------------------
     0 | D:1      | anacleto the Troll Shapeshifter began the quest for the
                  | Orb.
     0 | D:1      | Reached XP level 1. HP: 18/18 MP: 0/0
   207 | D:1      | Reached skill level 1 in Fighting
   248 | D:1      | Reached XP level 2. HP: 27/27 MP: 1/1
   748 | D:2      | Identified the +4 ring mail "Nudeoqia" {Regen+ Str+2}
   918 | D:2      | Reached XP level 3. HP: 33/33 MP: 2/2
   982 | D:2      | Found a faded altar of an unknown god.
  1612 | D:3      | Noticed Terence
  1619 | D:3      | Killed Terence
  1620 | D:3      | Reached skill level 4 in Shapeshifting
  1620 | D:3      | Reached XP level 4. HP: 28/41 MP: 3/3
  1716 | D:3      | Found Jaxula's Antique Armour Shoppe.
  1817 | D:3      | Noticed Ijyb
  1833 | D:3      | Killed Ijyb
  1834 | D:3      | Reached XP level 5. HP: 48/48 MP: 4/4
  1896 | D:3      | Reached skill level 5 in Shapeshifting
  2311 | D:4      | Reached XP level 6. HP: 46/55 MP: 5/5
  2317 | D:4      | Reached skill level 6 in Shapeshifting
  2431 | D:4      | Noticed DrKenneth's ghost (amateur MiFi)
  2481 | D:4      | Reached skill level 7 in Shapeshifting
  2493 | D:4      | Found a runed translucent gate.
  2494 | D:4      | Found a runed translucent gate.
  2495 | D:4      | Found a runed translucent gate.
  2512 | D:4      | Reached XP level 7. HP: 62/62 MP: 6/6
  2541 | D:4      | Found Jonisk's Antique Armour Emporium.
  2675 | D:5      | Entered Level 5 of the Dungeon
  2773 | D:3      | Bought a faintly humming tower shield for 199 gold pieces
  2773 | D:3      | Identified the +0 tower shield of the Old and Reckless
                  | {Will++ rCorr} (You bought it in a shop on level 3 of the
                  | Dungeon)
  3026 | D:5      | Found a burning altar of Makhleb.
  3026 | D:5      | Found a radiant altar of Vehumet.
  3056 | D:5      | Reached skill level 8 in Shapeshifting
  3086 | D:5      | Found a staircase to the Ecumenical Temple.
  3098 | Temple   | Entered the Ecumenical Temple
  3109 | Temple   | Became a worshipper of the Shining One
  3256 | D:5      | Identified the +0 robe of Eson {rF+ rN+ Regen+ Dex-5}
  3288 | D:6      | Found a sacrificial altar of Ru.
  3293 | D:6      | Reached XP level 8. HP: 70/70 MP: 7/7
  3296 | D:6      | Reached skill level 9 in Shapeshifting
  3296 | D:6      | Found an ancient bone altar of Kikubaaqudgha.
  3594 | D:6      | Reached skill level 10 in Shapeshifting
  3704 | D:6      | Found a bloodstained altar of Trog.
  4256 | D:6      | Reached XP level 9. HP: 76/76 MP: 8/8
  4271 | D:7      | Reached skill level 11 in Shapeshifting
  4694 | D:7      | Reached * piety under the Shining One
  4710 | D:7      | Reached skill level 12 in Shapeshifting
  4738 | D:7      | Found a broken altar of Ashenzari.
  4841 | D:7      | Found an ornate altar of the Wu Jian Council.
  4992 | D:4      | Bought an embroidered cloak for 180 gold pieces
  5366 | D:8      | Noticed Pikel
  5376 | D:8      | Killed Pikel
  5377 | D:8      | Reached skill level 1 in Throwing
  5377 | D:8      | Reached skill level 1 in Shields
  5377 | D:8      | Reached skill level 1 in Invocations
  5399 | D:8      | Found a basalt altar of Yredelemnul.
  6109 | D:9      | Noticed a troll
  6112 | D:9      | Killed a troll
  6113 | D:9      | Reached XP level 10. HP: 87/87 MP: 10/10
  6183 | D:9      | Noticed a +0 dagger
  6183 | D:9      | Noticed a +0 falchion
  6183 | D:9      | Noticed a +0 short sword
  6184 | D:9      | Noticed a +0 short sword
  6184 | D:9      | Noticed a +0 falchion
  6184 | D:9      | Noticed a +0 spear
  6186 | D:9      | Found a hide-covered altar of Uskayaw.
  6186 | D:9      | Noticed a +0 dagger
  6186 | D:9      | Noticed a +0 spear
  6270 | D:9      | Noticed Harold
  6279 | D:9      | Killed Harold
  6352 | D:9      | Noticed a two-headed ogre
  6358 | D:9      | Killed a two-headed ogre
  6500 | D:9      | Noticed Psyche
  6503 | D:9      | Killed Psyche
  6558 | D:9      | Found a hazy altar of Hepliaklqana.
  6755 | D:10     | Entered Level 10 of the Dungeon
  6854 | D:10     | Reached skill level 5 in Unarmed Combat
  6910 | D:10     | Reached skill level 13 in Shapeshifting
  6935 | D:10     | Found a shadowy altar of Dithmenos.
  6956 | D:10     | Reached XP level 11. HP: 97/97 MP: 12/12
  7087 | D:10     | Noticed Fannar
  7101 | D:10     | Killed Fannar
  7804 | D:4      | Killed DrKenneth's ghost
  7956 | D:11     | Found a transporter.
  7956 | D:11     | Found a transporter.
  7962 | D:11     | Found a bloodstained altar of Trog.
  8009 | D:11     | Noticed timneilson's ghost (journeyman OpSh)
  8055 | D:11     | Noticed a two-headed ogre
  8056 | D:11     | Noticed a boulder beetle
  8063 | D:11     | Killed a two-headed ogre
  8074 | D:11     | Killed a boulder beetle
  8099 | D:11     | Found a staircase to the Orcish Mines.
  8212 | D:11     | Reached ** piety under the Shining One
  8318 | D:11     | Noticed a deep troll
  8482 | D:11     | Found a staircase to the Lair.
  8778 | D:11     | Noticed a two-headed ogre
  8781 | D:11     | Killed a two-headed ogre
  8928 | D:12     | Noticed a boulder beetle
  8930 | D:12     | Killed a boulder beetle
  8949 | D:12     | Found Zarastac's Assorted Antiques.
  8969 | D:12     | Bought a scroll of teleportation for 75 gold pieces
  8969 | D:12     | Bought a potion of lignification for 75 gold pieces
  8969 | D:12     | Bought a potion of lignification for 75 gold pieces
  8969 | D:12     | Bought a clear potion for 22 gold pieces
  9397 | D:12     | Reached XP level 12. HP: 109/109 MP: 14/14
 10140 | D:13     | Noticed a centaur warrior
 10147 | D:13     | Killed a centaur warrior
 10164 | D:13     | Noticed a boulder beetle
 10169 | D:13     | Killed a boulder beetle
 10170 | D:13     | Reached skill level 5 in Dodging
 10287 | D:13     | Noticed Sonja
 10288 | D:13     | Noticed Frances
 10416 | D:12     | Killed Sonja
 10417 | D:12     | Reached skill level 5 in Throwing
 10436 | D:13     | Killed Frances
 10437 | D:13     | Reached skill level 5 in Fighting
 10437 | D:13     | Reached skill level 5 in Invocations
 10437 | D:13     | Reached skill level 14 in Shapeshifting
 10468 | D:13     | Reached skill level 5 in Shields
 10860 | D:14     | Found a runed translucent door.
 10879 | D:14     | Noticed a sphinx
 10879 | D:14     | Noticed a lich
 10879 | D:14     | Reached *** piety under the Shining One
 10881 | D:14     | Noticed a catoblepas
 10881 | D:14     | Noticed Teolusk's ghost (journeyman DsMo)
 10887 | D:14     | Found a runed translucent door.
 10924 | D:14     | Noticed a vault guard
 10924 | D:14     | Noticed a vault guard
 10924 | D:14     | Noticed a vault guard
 10924 | D:14     | Noticed a vault guard
 10929 | D:14     | Noticed a vault guard
 10930 | D:14     | Noticed a vault guard
 10931 | D:14     | Noticed a vault guard
 10932 | D:14     | Killed a vault guard
 10936 | D:14     | Killed a vault guard
 10943 | D:14     | Killed a vault guard
 10944 | D:14     | Killed a vault guard
 10946 | D:14     | Killed a vault guard
 10946 | D:14     | Noticed Snorg
 10952 | D:14     | Killed a vault guard
 10954 | D:14     | Noticed a vault guard
 10958 | D:14     | HP: 6/120 [Snorg (19)]
 10959 | D:14     | HP: 1/120 [yaktaur/bolt (7)]
 10962 | D:14     | Shot with a bolt by a yaktaur

Illustrated notes

Levels and vault maps discovered:
D:1:      nicolae_arrival_somewhat_less_tricky_arrival, layout_rooms,
          minivault_27, minmay_misc_feat_hallway
D:2:      layout_basic, shapermc_ecumenical_altar_flowoftime
D:3:      layout_loops_ring, serial_shops, nicolae_shop_just_a_little_nook,
          uniq_terence, uniq_ijyb
D:4:      layout_basic, serial_shops, shop, gammafunk_ghost_split
D:5:      layout_rooms, grunt_temple_overflow_lords_of_destruction, temple_green
D:6:      layout_basic, mainiacjoe_overflow_catwalk, grunt_temple_overflow_open
D:7:      layout_basic, ashenzari_altar_1, mainiacjoe_overflow_alcove_1
D:8:      layout_basic, yredelemnul_altar_generic, uniq_pikel
D:9:      layout_roguey, nicolae_uskayaw_en_pointe,
          nicolae_hepliaklqana_hazy_memory, uniq_psyche, uniq_harold
D:10:     layout_basic, mainiacjoe_overflow_six_doors_small,
          nicolae_lava_and_water, uniq_fannar
D:11:     layout_basic, erik_lair_orcish_takeover, david_orc_2,
          gammafunk_ghost_wrathful_warriors, minivault_26
D:12:     layout_basic, serial_shops, nicolae_diamond_shop
D:13:     layout_small_grid, uniq_sonja, uniq_frances
D:14:     layout_roguey, erik_vaults_2, regret_index_xom_buried_treasure,
          muffindrake_ghost_dual_entry, minmay_crystal_water, uniq_snorg,
          uniq_nessos, uniq_lodul
Temple:   jpeg_temple_clearing

Skill      XL: |  1  2  3  4  5  6  7  8  9 10 11 12 |
---------------+-------------------------------------+-----
Fighting       | 1 2 3 4 5 |  5.5
Dodging        | 2 3 4 5 |  5.7
Shapeshifting  | 4 5 7 8 10 12 13 14 | 14.3
Throwing       | 1 3 4 5 |  5.7
Shields        | 1 3 4 5 |  5.5
Invocations    | 1 3 4 5 |  5.5
Unarmed Combat | 5 6 7 |  7.1

Action                     |  1- 3 |  4- 6 |  7- 9 | 10-12 || total
---------------------------+-------+-------+-------+-------++-------
  Melee: Unarmed           |   100 |    85 |   258 |   335 ||   778
         Punch             |       |     2 |       |       ||     2
         Constrict         |       |       |    62 |    59 ||   121
  Throw: Boomerang         |       |       |       |     3 ||     3
         Dart              |       |       |       |     1 ||     1
 Invoke: Divine Shield     |       |       |       |     5 ||     5
Ability: Begin Untransform |       |       |     4 |     2 ||     6
  Evoke: Wand              |       |       |       |     2 ||     2
         Phial of floods   |       |       |       |     1 ||     1
    Use: Potion            |       |     1 |       |     1 ||     2
         Scroll            |       |       |     4 |     8 ||    12
 Armour: Animal skin       |    69 |    35 |    10 |       ||   114
         Skin              |       |     7 |   217 |   307 ||   531
  Dodge: Dodged            |    58 |    29 |   135 |   161 ||   383
  Block: Other             |       |       |    18 |    67 ||    85
         Reflection        |       |       |     1 |    26 ||    27
         Tower shield      |       |       |       |   187 ||   187
   Form: Serpent           |       |       |     4 |     1 ||     5
         Statue            |       |       |       |     1 ||     1

Table legend: (Time is in decaauts)
 A = Elapsed time spent in this place.
 B = Non-inter-level travel time spent in this place.
 C = Inter-level travel time spent in this place.
 D = Time resting spent in this place.
 E = Time spent auto-exploring this place.
 F = Levels seen in this place.
 G = Mean time per level.
                   A        B        C        D        E       F      G
               +--------+--------+--------+--------+--------+-----+--------+
         Total |  12088 |  10944 |   1144 |    655 |   7551 |  15 |  805.9 |
       Dungeon |  12065 |  10932 |   1133 |    655 |   7551 |  14 |  861.8 |
        Temple |     22 |     11 |     11 |      0 |      0 |   1 |   22.0 |
               +--------+--------+--------+--------+--------+-----+--------+

Top non-repeatable levels by time:
    D:12: 1616 daAuts
    D:10: 1100 daAuts
     D:6: 1038 daAuts
    D:11: 984 daAuts
     D:8: 959 daAuts
     D:7: 928 daAuts
    D:13: 927 daAuts
     D:3: 823 daAuts
     D:9: 802 daAuts
     D:2: 748 daAuts
     D:1: 705 daAuts
     D:4: 674 daAuts
     D:5: 531 daAuts
    D:14: 224 daAuts
  Temple: 22 daAuts
